 Dungeon Crawl Stone Soup version 0.28-a0-500-g121bc3e445 (webtiles) character file.

Game seed: 14433843119673728720

259 pablusdiablus the Chopper (level 5, 0/48 HPs)
             Began as a Minotaur Fighter on Sept 19, 2021.
             Succumbed to a scorpion's poison
             ... on level 4 of the Dungeon.
             The game lasted 00:12:09 (2962 turns).

pablusdiablus the Chopper (Minotaur Fighter)        Turns: 2962, Time: 00:12:11

Health: 0/48       AC:  9    Str: 21    XL:     5   Next: 94%
Magic:  4/4        EV:  7    Int:  5    God:
Gold:   131        SH:  0    Dex: 10    Spells: 4/4 levels left

rFire   . . .      SeeInvis .   a - +0 war axe
rCold   . . .      Faith    .   (no shield)
rNeg    . . .      Spirit   .   s - +0 chain mail
rPois   .          Reflect  .   (helmet restricted)
rElec   .          Harm     .   (no cloak)
rCorr   .          Rampage  .   (no gloves)
Will    .....                   (no boots)
Stlth   ..........              (no amulet)
HPRegen 0.16/turn               (no ring)
MPRegen 0.09/turn               (no ring)

@: mighty, lethally poisoned (0 -> -4), attractive, hasted, very quick
A: horns 2, retaliatory headbutt, MP-powered wands
a: no special abilities


You were on level 4 of the Dungeon.
You visited 1 branch of the dungeon, and saw 4 of its levels.

You collected 131 gold pieces.

Inventory:

Hand Weapons
 a - a +0 war axe (weapon)
 k - a +0 club
 l - a +0 hunting sling
Missiles
 m - 101 stones (quivered)
 o - 32 sling bullets
Armour
 b - a +0 scale mail
 c - a +0 buckler
 s - a +0 chain mail (worn)
Jewellery
 i - a ring of wizardry
Scrolls
 f - a scroll of enchant weapon {unknown}
 h - a scroll of amnesia {unknown}
 n - a scroll of enchant armour {unknown}
 q - a scroll of identify {unknown}
 r - a scroll of teleportation {unknown}


   Skills:
 * Level 5.1 Fighting
 * Level 5.6 Axes
 + Level 1.2 Slings
 + Level 4.7 Armour
 - Level 3.6 Shields


You had 4 spell levels left.
You didn't know any spells.
Your spell library was empty.

Dungeon Overview and Level Annotations

Branches:
Dungeon (4/15)
 Temple: D:4-7

Altars:
Dithmenos
Uskayaw

Annotations:
D:3 1 runed translucent door, Crazy Yiuf


Innate Abilities, Weirdness & Mutations

You have a pair of horns on your head.
You reflexively headbutt those who attack you in melee.
You expend magic power (3 MP) to strengthen your wands.


Message History

You hit the scorpion. The scorpion stings you.
You are poisoned.
The scorpion poisons you! The scorpion closely misses you.
You furiously retaliate!
You headbutt the scorpion!
The scorpion stings you but does no damage.
The scorpion stings you.
You are more poisoned.
The scorpion poisons you!
You feel very sick.
You feel very sick.
The scorpion stings you but does no damage.
* * * LOW HITPOINT WARNING * * *
You feel very sick. The scorpion barely misses you.
You feel very mighty all of a sudden.
You feel sick. The scorpion stings you.
* * * LOW HITPOINT WARNING * * *
You slash the scorpion!
The scorpion is almost dead.
* * * LOW HITPOINT WARNING * * *
You feel very sick.
The scorpion stings you but does no damage.
It was a potion of haste.
You feel yourself speed up.
* * * LOW HITPOINT WARNING * * *
You feel sick. The scorpion closely misses you. You furiously retaliate!
You headbutt the scorpion!!
You kill the scorpion!
Your Fighting skill increases to level 5!
It was a potion of attraction.
You feel attractive to monsters.
* * * LOW HITPOINT WARNING * * *
You feel sick.
The scorpion stings you but does no damage.
It was a potion of mutation.
You feel extremely strange.
You feel your magical essence link to the dungeon's wands.
The scorpion stings you.
* * * LOW HITPOINT WARNING * * *
As you read the scroll labelled UPEEKH NYTTUDI, it crumbles to dust.
The scroll dissolves into smoke.
It was a scroll of fog.
You die...

#########
........###########
...................
#######.##########.
#.# #. #.# #. #.#
#. #.#######.# #.
#.§§@s§...# #.
######§..## ##.
#)#)# #.. #.#.# #)#
....# #.#
.....##########)#
##..........>..<.#
...#.######.###.#
### .# # #..


You could see a scorpion.

Vanquished Creatures
  A scorpion (D:4)
  An orc wizard (D:2)
  A hound skeleton (D:4)
  4 gnolls (D:3)
  3 adders
  A worm (D:3)
  A dart slug (D:2)
  6 orcs
  5 endoplasms
  5 giant cockroaches
  8 goblins
  2 hobgoblins (D:1)
  10 jackals
  8 kobolds
  2 quokkas (D:1)
  9 ball pythons
  7 bats
  6 frilled lizards
  12 rats
92 creatures vanquished.

Notes
Turn   | Place    | Note
-------+----------+-------------------------------------------
     0 | D:1      | pablusdiablus the Minotaur Fighter began the quest for the
                  | Orb.
     0 | D:1      | Reached XP level 1. HP: 19/19 MP: 0/0
   246 | D:1      | Reached XP level 2. HP: 25/27 MP: 1/1
   544 | D:1      | Reached XP level 3. HP: 34/34 MP: 2/2
  1218 | D:2      | Found a faded altar of an unknown god.
  1494 | D:3      | Reached XP level 4. HP: 38/41 MP: 3/3
  1603 | D:3      | Found a shadowy altar of Dithmenos.
  2173 | D:3      | Found a hide-covered altar of Uskayaw.
  2185 | D:3      | Reached XP level 5. HP: 47/47 MP: 4/4
  2267 | D:3      | Reached skill level 1 in Slings
  2271 | D:3      | Reached skill level 5 in Axes
  2660 | D:3      | Found a runed translucent door.
  2661 | D:3      | Noticed Crazy Yiuf
  2960 | D:4      | Reached skill level 5 in Fighting
  2960 | D:4      | HP: 2/48 [poisoned by a scorpion]
  2961 | D:4      | Gained mutation: You expend magic power (3 MP) to
                  | strengthen your wands. [potion of mutation]
  2962 | D:4      | Succumbed to a scorpion's poison

Illustrated notes

Levels and vault maps discovered:
D:1:      dpeg_arrival_ratfight, layout_basic, minmay_tripent
D:2:      layout_rooms, hellmonk_ecumenical_altar_heavens_door
D:3:      layout_rooms, nicolae_dithmenos_through_a_glass_darkly,
          nicolae_overflow_crystal_walls, uniq_crazy_yiuf_cottage
D:4:      layout_loops_ring, biasface_ghost_orc_armoury, corexii_corridor_pit,
          uniq_grinder, uniq_menkaure

Skill      XL: |  1  2  3  4  5 |
---------------+----------------+-----
Fighting       | 4 5 |  5.1
Armour         | 4 |  4.7
Axes           | 3 4 5 |  5.6
Slings         | 1 |  1.2
Shields        | |  3.6

Action                   |  1- 3 |  4- 6 || total
-------------------------+-------+-------++-------
Melee: War axe           |   113 |    74 ||   187
       Headbutt          |    11 |    12 ||    23
 Fire: Hunting sling     |    10 |    11 ||    21
Throw: Stone             |       |     1 ||     1
  Use: Potion            |       |     4 ||     4
       Scroll            |       |     1 ||     1
Armor: Scale mail        |    73 |    27 ||   100
       Chain mail        |       |    23 ||    23
Dodge: Dodged            |    61 |    45 ||   106

Table legend: (Time is in decaauts)
 A = Elapsed time spent in this place.
 B = Non-inter-level travel time spent in this place.
 C = Inter-level travel time spent in this place.
 D = Time resting spent in this place.
 E = Time spent auto-exploring this place.
 F = Levels seen in this place.
 G = Mean time per level.
                   A        B        C        D        E       F      G
               +--------+--------+--------+--------+--------+-----+--------+
         Total |   3027 |   2809 |    218 |     50 |   2197 |   4 |  756.8 |
       Dungeon |   3027 |   2809 |    218 |     50 |   2197 |   4 |  756.8 |
               +--------+--------+--------+--------+--------+-----+--------+

Top non-repeatable levels by time:
     D:3: 1040 daAuts
     D:2: 1002 daAuts
     D:1: 852 daAuts
     D:4: 133 daAuts
